General information
- name: BNet
- type: Ladder team game (AT/RT)
- host: Battle.net
- saver: JijjijJJjijijJJ
map: Battleground
- players: 8
- length: 55:57
- speed: Fast
- version: 1.26 W3XP
- replay type: Public
» download(264 KB)
Players
team 1 (winner)

»
stuffnthings (
blue | 37 APM | 573 actions | 15:31)
3 Blademaster
1 Wind Walk
2 Critical Strike
2 Shadow Hunter
1 Healing Wave
1 Hex
» actions
| Assign group hotkey | 12 | |
| Build / train | 44 | |
| Enter build submenu | 12 | |
| Enter hero's abilities submenu | 5 | |
| Give item / drop item | 1 | |
| Remove unit from queue | 2 | |
| Right click | 274 | |
| Select / deselect | 145 | |
| Select group hotkey | 38 | |
| Use ability | 40 | |
573 total
» units
| Peon | 7 | |
| Wind Rider | 10 | |
| Shaman | 3 | |
| Troll Batrider | 6 | |
26 total
» upgrades
| Armor | 1 | |
| Ranged Weapons | 2 | |
| Shaman Training | 2 | |
5 total
» buildings
| Altar of Storms | 1 | |
| Orc Burrow | 5 | |
| Voodoo Lounge | 1 | |
| War Mill | 1 | |
| Stronghold | 1 | |
| Beastiary | 2 | |
| Spirit Lodge | 1 | |
| Fortress | 1 | |
13 total
» build order
00:11 Altar of Storms
00:16 Orc Burrow
00:43 Voodoo Lounge
01:26 War Mill
01:42 Orc Burrow
02:13 Orc Burrow
03:03 Stronghold
03:18 Orc Burrow
05:27 Beastiary
05:30 Beastiary
06:17 Spirit Lodge
09:10 Fortress
09:16 Orc Burrow
» items
| Healing Salve | 1 | |
| Lesser Clarity Potion | 1 | |
2 total
JijjijJJjijijJJ (
green | 53 APM | 2980 actions | 55:57)
9 Archmage
3 Summon Water Elemental
3 Brilliance Aura
1 Mass Teleport
2 Blizzard
» actions
| Assign group hotkey | 72 | |
| Basic commands | 25 | |
| Build / train | 190 | |
| ESC pressed | 2 | |
| Enter build submenu | 63 | |
| Enter hero's abilities submenu | 9 | |
| Give item / drop item | 2 | |
| Right click | 1250 | |
| Select / deselect | 363 | |
| Select group hotkey | 744 | |
| Use ability | 260 | |
2980 total
» units
| Peasant | 20 | |
| Footman | 6 | |
| Dragonhawk Rider | 6 | |
| Gryphon Rider | 7 | |
39 total
» upgrades
| Swords | 3 | |
| Armor | 3 | |
| Masonry | 3 | |
| Animal War Training | 1 | |
| Defend | 1 | |
| Storm Hammers | 1 | |
| Cloud | 1 | |
13 total
» buildings
| Altar of Kings | 1 | |
| Barracks | 1 | |
| Farm | 7 | |
| Arcane Vault | 1 | |
| Keep | 3 | |
| Castle | 5 | |
| Blacksmith | 2 | |
| Scout Tower | 44 | |
| Lumber Mill | 2 | |
| Arcane Tower | 5 | |
| Gryphon Aviary | 3 | |
| Guard Tower | 74 | |
| Town Hall | 3 | |
151 total
» build order
00:52 Altar of Kings
00:55 Barracks
00:57 Farm
01:08 Farm
01:10 Farm
01:54 Farm
02:54 Arcane Vault
03:05 Farm
05:52 Keep
05:52 Keep
05:52 Keep
10:47 Castle
10:47 Castle
10:47 Castle
10:52 Blacksmith
10:53 Blacksmith
11:22 Scout Tower
11:23 Scout Tower
11:26 Scout Tower
12:02 Scout Tower
12:07 Lumber Mill
12:08 Lumber Mill
12:19 Arcane Tower
12:19 Arcane Tower
12:29 Gryphon Aviary
12:29 Gryphon Aviary
12:32 Guard Tower
12:32 Guard Tower
12:32 Guard Tower
12:41 Guard Tower
12:43 Scout Tower
12:56 Guard Tower
12:56 Guard Tower
13:03 Guard Tower
13:04 Guard Tower
13:04 Guard Tower
13:07 Gryphon Aviary
13:13 Guard Tower
13:13 Guard Tower
13:14 Scout Tower
13:19 Scout Tower
13:20 Scout Tower
13:21 Scout Tower
13:22 Scout Tower
14:17 Guard Tower
14:18 Guard Tower
14:18 Guard Tower
14:18 Guard Tower
14:27 Scout Tower
14:29 Scout Tower
14:29 Scout Tower
14:31 Scout Tower
14:32 Scout Tower
14:34 Scout Tower
14:43 Scout Tower
14:49 Scout Tower
14:50 Scout Tower
14:51 Scout Tower
14:51 Scout Tower
14:59 Scout Tower
15:00 Scout Tower
15:01 Scout Tower
15:05 Farm
15:10 Guard Tower
15:10 Guard Tower
15:10 Guard Tower
15:10 Guard Tower
15:13 Guard Tower
15:13 Guard Tower
15:14 Guard Tower
15:43 Guard Tower
15:43 Guard Tower
15:43 Guard Tower
15:43 Guard Tower
15:46 Guard Tower
15:46 Guard Tower
15:46 Guard Tower
16:36 Farm
17:11 Guard Tower
17:12 Guard Tower
23:02 Town Hall
23:05 Scout Tower
23:05 Scout Tower
23:08 Scout Tower
23:10 Scout Tower
23:12 Scout Tower
23:40 Guard Tower
23:41 Guard Tower
23:41 Guard Tower
23:50 Guard Tower
23:51 Guard Tower
23:51 Guard Tower
34:52 Town Hall
34:55 Scout Tower
34:59 Scout Tower
35:01 Scout Tower
35:03 Scout Tower
35:07 Scout Tower
35:09 Scout Tower
35:10 Scout Tower
36:09 Guard Tower
36:09 Guard Tower
36:10 Guard Tower
36:10 Guard Tower
37:11 Town Hall
37:14 Scout Tower
37:15 Scout Tower
37:18 Scout Tower
37:44 Arcane Tower
37:44 Arcane Tower
37:44 Arcane Tower
37:45 Scout Tower
38:45 Guard Tower
38:45 Guard Tower
38:47 Scout Tower
38:47 Scout Tower
38:48 Scout Tower
38:49 Scout Tower
39:41 Guard Tower
39:41 Guard Tower
39:42 Guard Tower
39:42 Guard Tower
39:45 Guard Tower
39:45 Guard Tower
39:45 Guard Tower
» items
| Staff of Teleportation | 1 | |
| Scroll of Regeneration | 6 | |
| Mechanical Critter | 2 | |
| Ivory Tower | 6 | |
| Potion of Healing | 2 | |
| Dust of Appearance | 1 | |
| Scroll of Town Portal | 1 | |
19 total
Grunt88 (
purple | 41 APM | 479 actions | 11:38)
3 Priestess of the Moon
2 Searing Arrows
1 Trueshot Aura
1 Warden
1 Fan of Knives
» actions
| Basic commands | 40 | |
| Build / train | 39 | |
| Enter build submenu | 12 | |
| Enter hero's abilities submenu | 4 | |
| Give item / drop item | 2 | |
| Right click | 186 | |
| Select / deselect | 178 | |
| Use ability | 17 | |
479 total
» units
| Wisp | 15 | |
| Archer | 1 | |
| Huntress | 7 | |
| Dryad | 3 | |
26 total
» upgrades
| Strength of the Moon | 1 | |
| Strength of the Wild | 2 | |
3 total
» buildings
| Ancient of War | 1 | |
| Moon Well | 5 | |
| Altar of Elders | 1 | |
| Hunter's Hall | 1 | |
| Tree of Ages | 1 | |
| Ancient Protector | 2 | |
| Ancient of Lore | 1 | |
12 total
» build order
00:05 Ancient of War
00:08 Moon Well
00:37 Altar of Elders
01:47 Hunter's Hall
02:23 Moon Well
03:27 Moon Well
05:03 Tree of Ages
05:06 Ancient Protector
06:44 Ancient Protector
07:39 Ancient of Lore
07:56 Moon Well
09:46 Moon Well
» items
| Potion of Lesser Invulnerability | 1 | |
| Scroll of Healing | 1 | |
| Periapt of Vitality | 1 | |
3 total

»
Velocify (
pink | 38 APM | 1786 actions | 46:53)
5 Keeper of the Grove
3 Force of Nature
2 Entangling Roots
2 Priestess of the Moon
1 Trueshot Aura
1 Searing Arrows
» actions
| Build / train | 110 | |
| Enter build submenu | 36 | |
| Enter hero's abilities submenu | 7 | |
| Remove unit from queue | 4 | |
| Right click | 1143 | |
| Select / deselect | 407 | |
| Use ability | 79 | |
1786 total
» units
| Wisp | 36 | |
| Archer | 13 | |
| Dryad | 20 | |
| Druid of the Talon | 11 | |
| Hippogryph | 5 | |
| Faerie Dragon | 1 | |
86 total
» upgrades
| Moon Armor | 1 | |
| Reinforced Hides | 2 | |
| Abolish Magic | 1 | |
| Strength of the Wild | 2 | |
| Druid of the Talon Training | 2 | |
8 total
» buildings
| Altar of Elders | 1 | |
| Moon Well | 8 | |
| Ancient of War | 1 | |
| Ancient of Wonders | 1 | |
| Tree of Ages | 1 | |
| Hunter's Hall | 1 | |
| Ancient Protector | 9 | |
| Ancient of Lore | 4 | |
| Tree of Eternity | 1 | |
| Ancient of Wind | 2 | |
| Tree of Life | 2 | |
31 total
» build order
00:12 Altar of Elders
00:18 Moon Well
01:23 Ancient of War
01:39 Ancient of Wonders
02:31 Moon Well
02:46 Tree of Ages
03:51 Hunter's Hall
03:57 Moon Well
04:26 Moon Well
05:20 Ancient Protector
05:23 Ancient Protector
06:24 Ancient of Lore
06:35 Moon Well
07:08 Ancient of Lore
07:14 Ancient of Lore
07:17 Ancient of Lore
07:29 Moon Well
08:21 Moon Well
08:25 Ancient Protector
15:51 Ancient Protector
15:57 Ancient Protector
19:49 Ancient Protector
21:12 Tree of Eternity
22:25 Ancient of Wind
22:47 Moon Well
22:53 Ancient Protector
27:05 Tree of Life
30:39 Ancient of Wind
31:13 Ancient Protector
34:05 Ancient Protector
35:51 Tree of Life
» items
team 2 (loser)
Phaggot (
red | 46 APM | 2517 actions | 54:44)
6 Death Knight
3 Death Coil
2 Unholy Aura
1 Animate Dead
1 Blademaster
1 Bladestorm
1 Shadow Hunter
1 Healing Wave
» actions
| Assign group hotkey | 14 | |
| Basic commands | 201 | |
| Build / train | 53 | |
| Enter build submenu | 17 | |
| Enter hero's abilities submenu | 8 | |
| Remove unit from queue | 1 | |
| Right click | 1327 | |
| Select / deselect | 661 | |
| Select group hotkey | 130 | |
| Use ability | 103 | |
2517 total
» units
| Acolyte | 6 | |
| Ghoul | 4 | |
| Crypt Fiend | 12 | |
| Forest Troll Shadow Priest | 1 | |
| Chimaera | 1 | |
| Wisp | 2 | |
26 total
» upgrades
| Creature Attack | 3 | |
| Creature Carapace | 3 | |
| Web | 1 | |
| Strength of the Wild | 1 | |
8 total
» buildings
| Crypt | 2 | |
| Altar of Darkness | 1 | |
| Ziggurat | 4 | |
| Tomb of Relics | 1 | |
| Graveyard | 1 | |
| Spirit Tower | 2 | |
| Nerubian Tower | 1 | |
| Halls of the Dead | 1 | |
| Black Citadel | 1 | |
| Sacrificial Pit | 1 | |
| Tree of Life | 2 | |
| Moon Well | 1 | |
18 total
» build order
00:10 Crypt
00:16 Altar of Darkness
00:32 Ziggurat
01:00 Tomb of Relics
01:49 Graveyard
02:14 Ziggurat
03:40 Crypt
04:48 Spirit Tower
05:25 Ziggurat
07:05 Nerubian Tower
07:08 Halls of the Dead
08:29 Ziggurat
10:39 Black Citadel
18:05 Sacrificial Pit
20:17 Spirit Tower
28:28 Tree of Life
29:53 Moon Well
31:50 Tree of Life
» items
| Rod of Necromancy | 1 | |
| Scroll of Healing | 1 | |
| Scroll of Protection | 1 | |
| Orb of Corruption | 1 | |
4 total
RAMSYBOLTON (
yellow | 36 APM | 1830 actions | 50:30)
5 Blademaster
2 Critical Strike
3 Wind Walk
3 Shadow Hunter
2 Hex
1 Healing Wave
» actions
| Assign group hotkey | 58 | |
| Basic commands | 59 | |
| Build / train | 59 | |
| Enter build submenu | 15 | |
| Enter hero's abilities submenu | 8 | |
| Give item / drop item | 4 | |
| Right click | 892 | |
| Select / deselect | 209 | |
| Select group hotkey | 418 | |
| Use ability | 108 | |
1830 total
» units
» upgrades
| Ranged Weapons | 2 | |
| Armor | 2 | |
| Reinforced Defenses | 1 | |
| Ensnare | 1 | |
| Melee Weapons | 2 | |
| Pillage | 1 | |
9 total
» buildings
| Altar of Storms | 1 | |
| Orc Burrow | 7 | |
| Voodoo Lounge | 1 | |
| Stronghold | 2 | |
| War Mill | 1 | |
| Beastiary | 2 | |
| Fortress | 1 | |
| Great Hall | 1 | |
| Watch Tower | 5 | |
21 total
» build order
00:08 Altar of Storms
00:18 Orc Burrow
00:45 Voodoo Lounge
02:05 Stronghold
02:05 Stronghold
02:25 War Mill
02:40 Orc Burrow
02:41 Orc Burrow
02:42 Orc Burrow
04:37 Beastiary
04:39 Beastiary
09:18 Fortress
09:35 Orc Burrow
09:35 Orc Burrow
09:36 Orc Burrow
11:54 Great Hall
11:56 Watch Tower
11:57 Watch Tower
13:09 Watch Tower
13:41 Watch Tower
13:43 Watch Tower
» items
| Healing Salve | 3 | |
| Lesser Clarity Potion | 1 | |
| Staff of Teleportation | 1 | |
| Boots of Speed | 1 | |
| Potion of Lesser Invulnerability | 2 | |
| Potion of Invisibility | 1 | |
| Potion of Mana | 1 | |
10 total
CruelBeast (
teal | 48 APM | 2624 actions | 54:44)
10 Archmage
3 Summon Water Elemental
3 Brilliance Aura
1 Mass Teleport
3 Blizzard
» actions
| Assign group hotkey | 66 | |
| Basic commands | 351 | |
| Build / train | 87 | |
| Enter build submenu | 62 | |
| Enter hero's abilities submenu | 11 | |
| Give item / drop item | 7 | |
| Right click | 782 | |
| Select / deselect | 550 | |
| Select group hotkey | 487 | |
| Use ability | 221 | |
2624 total
» units
| Peasant | 13 | |
| Footman | 5 | |
| Gryphon Rider | 7 | |
| Dragonhawk Rider | 6 | |
31 total
» upgrades
| Lumber Harvesting | 2 | |
| Masonry | 3 | |
| Storm Hammers | 1 | |
| Swords | 3 | |
| Armor | 3 | |
| Animal War Training | 1 | |
| Cloud | 1 | |
| Gunpowder | 3 | |
| Plating | 3 | |
| Fragmentation Shards | 1 | |
| Flak Cannons | 1 | |
| Flare | 1 | |
| Barrage | 1 | |
24 total
» buildings
| Altar of Kings | 1 | |
| Barracks | 1 | |
| Farm | 12 | |
| Keep | 1 | |
| Arcane Vault | 2 | |
| Lumber Mill | 2 | |
| Castle | 1 | |
| Gryphon Aviary | 6 | |
| Town Hall | 2 | |
| Scout Tower | 62 | |
| Blacksmith | 2 | |
| Guard Tower | 11 | |
| Workshop | 2 | |
105 total
» build order
00:50 Altar of Kings
00:53 Barracks
00:55 Farm
00:57 Farm
01:04 Farm
01:40 Farm
03:22 Keep
03:32 Arcane Vault
04:14 Lumber Mill
05:48 Castle
08:01 Gryphon Aviary
08:02 Gryphon Aviary
08:02 Gryphon Aviary
08:10 Town Hall
08:14 Scout Tower
08:14 Scout Tower
08:14 Scout Tower
08:15 Scout Tower
08:32 Farm
08:35 Blacksmith
08:38 Blacksmith
08:43 Guard Tower
08:45 Guard Tower
09:09 Scout Tower
09:13 Scout Tower
09:16 Scout Tower
09:21 Scout Tower
09:26 Arcane Vault
11:04 Guard Tower
16:15 Scout Tower
16:16 Scout Tower
16:17 Scout Tower
16:18 Scout Tower
16:19 Scout Tower
16:23 Scout Tower
16:23 Scout Tower
16:26 Scout Tower
16:27 Scout Tower
16:28 Scout Tower
16:29 Scout Tower
16:30 Scout Tower
16:31 Scout Tower
16:32 Scout Tower
16:41 Lumber Mill
16:58 Guard Tower
18:02 Town Hall
18:05 Scout Tower
18:06 Scout Tower
18:08 Scout Tower
18:08 Scout Tower
18:16 Guard Tower
18:43 Guard Tower
20:09 Farm
20:09 Farm
20:10 Farm
20:11 Farm
20:11 Farm
25:40 Scout Tower
25:40 Scout Tower
25:41 Scout Tower
25:42 Scout Tower
25:45 Scout Tower
25:46 Scout Tower
26:21 Guard Tower
30:30 Scout Tower
30:31 Scout Tower
30:32 Scout Tower
30:33 Scout Tower
30:34 Scout Tower
30:35 Scout Tower
30:36 Scout Tower
30:37 Scout Tower
30:39 Scout Tower
30:43 Scout Tower
30:44 Scout Tower
30:47 Scout Tower
30:49 Scout Tower
30:49 Scout Tower
30:54 Scout Tower
30:55 Scout Tower
30:55 Scout Tower
30:56 Scout Tower
30:56 Scout Tower
30:56 Scout Tower
30:58 Scout Tower
30:58 Scout Tower
30:59 Scout Tower
31:00 Scout Tower
31:02 Scout Tower
31:02 Scout Tower
31:03 Scout Tower
31:04 Scout Tower
31:06 Scout Tower
31:07 Scout Tower
37:36 Guard Tower
37:38 Guard Tower
37:40 Guard Tower
38:09 Guard Tower
38:22 Farm
38:23 Farm
40:53 Gryphon Aviary
40:54 Gryphon Aviary
40:56 Gryphon Aviary
44:56 Workshop
44:57 Workshop
» items
| Scroll of Regeneration | 4 | |
| Staff of Teleportation | 1 | |
| Scroll of Town Portal | 1 | |
| Mechanical Critter | 2 | |
8 total

»
Manganson (
orange | 46 APM | 1243 actions | 26:54)
7 Demon Hunter
3 Immolation
3 Evasion
1 Metamorphosis
» actions
| Assign group hotkey | 10 | |
| Basic commands | 37 | |
| Build / train | 86 | |
| Enter build submenu | 19 | |
| Enter hero's abilities submenu | 8 | |
| Give item / drop item | 1 | |
| Remove unit from queue | 1 | |
| Right click | 709 | |
| Select / deselect | 282 | |
| Select group hotkey | 34 | |
| Use ability | 56 | |
1243 total
» units
| Wisp | 25 | |
| Archer | 9 | |
| Forest Troll Shadow Priest | 1 | |
| Forest Troll Berserker | 1 | |
| Ogre Mauler | 1 | |
| Druid of the Talon | 4 | |
| Faerie Dragon | 2 | |
| Chimaera | 8 | |
| Dryad | 2 | |
| Hippogryph | 4 | |
57 total
» upgrades
| Druid of the Talon Training | 2 | |
| Nature's Blessing | 1 | |
| Abolish Magic | 1 | |
| Corrosive Breath | 1 | |
| Improved Bows | 1 | |
| Marksmanship | 1 | |
| Mark of the Talon | 1 | |
8 total
» buildings
| Moon Well | 9 | |
| Ancient of War | 1 | |
| Altar of Elders | 1 | |
| Ancient of Wonders | 1 | |
| Tree of Ages | 1 | |
| Hunter's Hall | 1 | |
| Tree of Eternity | 1 | |
| Ancient of Wind | 2 | |
| Ancient of Lore | 1 | |
| Tree of Life | 1 | |
| Chimaera Roost | 2 | |
21 total
» build order
00:54 Moon Well
00:59 Ancient of War
01:08 Altar of Elders
01:15 Moon Well
02:04 Moon Well
02:32 Ancient of Wonders
02:38 Moon Well
05:26 Moon Well
05:41 Tree of Ages
06:19 Hunter's Hall
06:25 Moon Well
08:07 Tree of Eternity
08:10 Ancient of Wind
08:15 Ancient of Lore
10:29 Tree of Life
10:36 Chimaera Roost
12:44 Chimaera Roost
19:15 Ancient of Wind
21:49 Moon Well
21:50 Moon Well
21:51 Moon Well
» items
| Dust of Appearance | 1 | |
| Moonstone | 1 | |
| Lesser Clarity Potion | 2 | |
| Potion of Healing | 4 | |
| Orb of Venom | 1 | |
| Scroll of Town Portal | 1 | |
10 total
Chat log
(00:37 / Allies) stuffnthings: sup
(00:40 / Allies) Velocify: yo
(00:43 / Allies) Grunt88: nm
(00:51 / Allies) Grunt88: potm/hunts to start for me
(01:06 / Allies) Velocify: arch dryad maybie air
(01:06 / All) RAMSYBOLTON: favorite hunger games' movie? mine is the 2nd one
(01:29 / All) CruelBeast: All terrible
(01:33 / All) stuffnthings: agreed
(01:35 / All) CruelBeast: Battle Royale 4 lyfe, ya feel me?
(01:41 / All) Phaggot: i say we all go against yellow
(01:53 / All) RAMSYBOLTON: u guys are nuts hunger games is innovative and new
(02:04 / All) CruelBeast: newman_laugh.gif
(02:12 / All) Phaggot: kek
(03:15 / Allies) Grunt88: hunts/dryasds
(04:10 / Allies) Grunt88: omw blue
(04:31 / Allies) stuffnthings: lol hacked
(04:47 / Allies) JijjijJJjijijJJ: I don't need your help creeping fag
(04:51 / Allies) JijjijJJjijijJJ: go away
(05:03 / Allies) JijjijJJjijijJJ: thank you
(05:12 / Allies) Velocify: :p
(05:33 / Allies) Grunt88: good harass guys
(05:49 / Allies) stuffnthings: need lumber
(08:30 / Allies) Grunt88: dryads soon.
(08:32 / Allies) Grunt88: any spare wood?
(09:00 / Allies) stuffnthings: need neither take
(10:25 / Allies) JijjijJJjijijJJ: I had a phonecall so was playign like shit idle in my base
(10:26 / Allies) JijjijJJjijijJJ: back
(10:43 / Allies) stuffnthings: ya 4k gold yaya
(10:59 / All) Phaggot: gg
(11:01 / Allies) stuffnthings: and purple sux
(11:02 / Allies) JijjijJJjijijJJ: at least I have money for t3 now lawl
(11:34 / All) Grunt88: perfect timing buddy
(11:52 / Allies) JijjijJJjijijJJ: thanks
(11:56 / Allies) JijjijJJjijijJJ: I worked hard to time the phone call
(12:40 / All) Velocify: lol map hacks
(12:40 / Allies) stuffnthings: sigh green
(12:47 / Allies) stuffnthings: why search
(12:47 / Allies) JijjijJJjijijJJ: I had a call nigga
(12:49 / Allies) stuffnthings: ya they ghac
(12:49 / Allies) JijjijJJjijijJJ: not my fault
(12:52 / All) Phaggot: you caught me
(12:52 / Allies) stuffnthings: told u that at start
(12:54 / Allies) JijjijJJjijijJJ: I didn't expecc t it bitch
(12:56 / All) RAMSYBOLTON: no way
(12:57 / All) RAMSYBOLTON: im all legit
(12:59 / Allies) stuffnthings: its orange that hax
(13:09 / Allies) stuffnthings: he had whisps moving before i got there
(13:15 / All) CruelBeast: that is the loser's mantra
(13:22 / All) CruelBeast: take your loss like a man: in silence
(13:25 / All) Phaggot: what exactly was your team trying to do?
(13:34 / All) RAMSYBOLTON: ues
(13:36 / All) JijjijJJjijijJJ: I had a call and was AFK till a few mins ago lawl
(13:38 / All) JijjijJJjijijJJ: So I'm teching
(13:43 / All) JijjijJJjijijJJ: I don't know what these fags were doing
(13:51 / All) Phaggot: lol if you go afk you should at least stop searching for a game
(13:53 / All) JijjijJJjijijJJ: we'd be fine if they didn't suck
(13:57 / All) JijjijJJjijijJJ: Well it was unexpected
(14:19 / All) Phaggot: its not like the phone suddenly just threw you out of your chair and forced you to talk with it
(14:39 / All) JijjijJJjijijJJ: It was more important than WC3 dude
(15:03 / All) Phaggot: i can tell
(15:14 / Allies) stuffnthings: next time call back after
(15:20 / Allies) JijjijJJjijijJJ: lawl
(15:27 / All) RAMSYBOLTON: blue y wont u admit hunger games is awesome
(15:55 / Allies) JijjijJJjijijJJ: Hope you aren't about to tk pink
(16:23 / Allies) JijjijJJjijijJJ: We're gonna hold them at my base
(16:26 / Allies) JijjijJJjijijJJ: then crush them
(16:27 / Allies) JijjijJJjijijJJ: sound good?
(16:33 / Allies) Velocify: ye
(16:39 / Allies) JijjijJJjijijJJ: i like you pink
(17:37 / Allies) JijjijJJjijijJJ: look lol
(17:38 / All) Phaggot: i love you too yellow
(17:39 / Allies) JijjijJJjijijJJ: they have 2 tkers
(17:40 / Allies) JijjijJJjijijJJ: LOL
(17:47 / All) RAMSYBOLTON: i aint no phaggot
(17:53 / Allies) JijjijJJjijijJJ: did you see that dude
(17:59 / Allies) JijjijJJjijijJJ: they both killed their allies and saved us LOL
(18:14 / All) RAMSYBOLTON: to make it fair
(18:24 / All) Phaggot: its because we don't like the retarded hunger games movies
(18:32 / All) CruelBeast: hunger g ames a shit
(18:32 / All) RAMSYBOLTON: fucking pink
(18:33 / All) JijjijJJjijijJJ: Teal says they suck but is tking you
(18:36 / All) JijjijJJjijijJJ: come up with a better excuse lmfao
(18:52 / All) CruelBeast: They fooled me on the second one
(19:01 / All) CruelBeast: I don't know why I watched it, they said it was way better than the first
(19:08 / All) CruelBeast: Fucking lying idjuts
(19:17 / All) Phaggot: autism bro
(19:42 / All) CruelBeast: Nilas Arcanister is a mighty battle mage
(20:35 / All) RAMSYBOLTON: buy orb noob
(21:23 / All) Phaggot: velo how do you still only have 1 attack upgrade
(21:34 / All) JijjijJJjijijJJ: 1 upgrade is good enough to rape you
(21:37 / All) Velocify: im drubk
(21:43 / All) Phaggot: lol
(21:44 / All) Phaggot: green
(21:48 / All) JijjijJJjijijJJ: being beaten by someone afk all game and a drunkard
(21:49 / All) Phaggot: he has mass dryads
(21:50 / All) JijjijJJjijijJJ: how does it feel?
(21:54 / All) Phaggot: LOL
(21:56 / All) RAMSYBOLTON: sorry da'
(22:02 / All) RAMSYBOLTON: just killed reds fiend cuz it bothered me
(22:47 / Allies) JijjijJJjijijJJ: can you move your dryads a bit?
(22:49 / Allies) JijjijJJjijijJJ: gonna expo here
(22:52 / All) RAMSYBOLTON: oj hack???
(23:28 / Allies) JijjijJJjijijJJ: Try not to attack yellow and teal if you can
(23:31 / Allies) JijjijJJjijijJJ: I told them not to attack you
(23:33 / All) Phaggot: green you are an engima
(23:34 / Allies) JijjijJJjijijJJ: I'm working with them in pm now
(23:37 / Allies) JijjijJJjijijJJ: they want their team to lose
(23:47 / Allies) JijjijJJjijijJJ: lol killing the chims
(23:54 / All) JijjijJJjijijJJ: An enigma?
(24:09 / All) JijjijJJjijijJJ: That was a powerful runeword, it gave +1 to teleport regardless of class
(24:22 / Allies) JijjijJJjijijJJ: let's kill their only none tker, help them kill their team
(24:44 / All) Phaggot: D2 reference
(24:45 / Allies) JijjijJJjijijJJ: Yellow says we can kill his base after orange's
(24:47 / All) Phaggot: i get iut
(24:48 / All) Phaggot: it*
(24:59 / All) RAMSYBOLTON: d2 goat action pc game
(25:13 / All) CruelBeast: Diablo sux
(25:16 / All) JijjijJJjijijJJ: I don't get what you mean by how I'm "an enigma" though
(25:32 / All) JijjijJJjijijJJ: what's enigmatic about me
(25:46 / All) Phaggot: you are someone this is difficult to understand
(25:50 / All) Phaggot: that*
(26:01 / All) JijjijJJjijijJJ: I know what it means but what's hard to understand?
(26:27 / All) Phaggot: w/e
(27:16 / All) RAMSYBOLTON: oww
(28:20 / All) RAMSYBOLTON: pretty sure u only said u liked pink,
(28:34 / All) Velocify: lol
(28:42 / All) Phaggot: oh wow pink is still here
(28:42 / All) JijjijJJjijijJJ: No
(28:47 / All) JijjijJJjijijJJ: I said let's not kill him
(28:49 / All) JijjijJJjijijJJ: since he's cool
(28:53 / All) JijjijJJjijijJJ: and you two attacked him anyway
(29:02 / All) Phaggot: thats because he's a noob
(29:08 / All) Velocify: been awhile
(29:12 / All) JijjijJJjijijJJ: look who's talking, he has a base and you don't
(29:15 / All) Velocify: drinking anyways
(29:31 / All) Velocify: :P
(29:43 / All) Velocify: smoke weed?
(29:51 / All) RAMSYBOLTON: pinks fate is being decided
(31:09 / Allies) JijjijJJjijijJJ: don't forget units you have spread out
(33:19 / All) RAMSYBOLTON: red u can use my shadow hunter
(33:24 / All) RAMSYBOLTON: only my shadow hunter
(34:04 / All) RAMSYBOLTON: fine use my shaodw hunte rtoo
(34:40 / All) RAMSYBOLTON: plus pink said he did weed, which means he is a bad person
(34:48 / All) Velocify: so obad
(34:54 / All) CruelBeast: Smoking reefer is morally reprehensible!
(36:03 / All) RAMSYBOLTON: just enjoy ourselves, the game is basically over
(39:14 / Allies) Velocify: gold again?
(39:26 / All) RAMSYBOLTON: lawl it was me forgot i did that
(39:50 / All) RAMSYBOLTON: no attackey basey red
(39:59 / Allies) JijjijJJjijijJJ: I'll get some cloud and we can kill yellow's expo
(42:19 / All) RAMSYBOLTON: no red dont
(42:36 / All) RAMSYBOLTON: it was red
(43:13 / All) RAMSYBOLTON: if u watch replay it'll show em highlighting raiders but its just a coincedence
(45:07 / All) CruelBeast: lol yeah
(46:26 / All) CruelBeast: FOR THE GLORY OF GOD
(48:42 / All) JijjijJJjijijJJ: Wow I alt tabbed
(48:45 / All) JijjijJJjijijJJ: come back 3 mins later
(48:48 / All) JijjijJJjijijJJ: Pink is erased from the map
(50:58 / All) CruelBeast: oh pink left
(53:30 / All) CruelBeast: bad luck m8
(54:41 / All) CruelBeast: Better luck next time dawg